[Event "French-ch U12-U14 2024"]
[Site "Agen"]
[Date "2024.04.15"]
[Round "2.17"]
[White "Boulos, Paul"]
[Black "Vlandas, Baptiste"]
[Result "1-0"]
[ECO "B31"]
[WhiteElo "2189"]
[BlackElo "1834"]
[Annotator "TA"]
[PlyCount "61"]
[EventDate "2024.04.14"]
[EventType "swiss"]
[EventCountry "FRA"]
[SourceTitle "playchess.com"]
[Source "ChessBase"]
[SourceQuality "1"]
[TimeControl "5400+30"]

1. e4 c5 2. Nf3 Nc6 3. Bb5 g6 4. c3 Bg7 5. d4 cxd4 6. cxd4 Nf6 7. e5 Nd5 8. Nc3 Nxc3 9. bxc3 O-O 10. O-O d6 11. exd6 Qxd6 12. a4 Rd8 13. Ba3 Qc7 14. Bxc6 bxc6 15. Qe2 {[%emt 0:02:30] White has an edge.} Bf6 16. Rfe1 Be6 17. Nd2 Rab8 18. Ne4 a5 19. Nc5 Bc8 20. Rab1 (20. Bc1 $14) 20... Rxb1 $11 21. Rxb1 e5 22. Ne4 Bg7 23. Bc5 exd4 ({Black should play} 23... Bf5 $11) 24. Bb6 $14 Qb8 25. Qd3 (25. Qe1 $1 $14 Rd5 26. Bxd4) 25... Re8 {[%emt 0:03:15][%cal Oe8e4] [#] ...Rxe4! is the strong threat. The position is equal.} 26. Bxd4 Qf4 27. Re1 {[%emt 0:04:00][%cal Oe4f6] aiming for Nf6+!} Rd8 $1 28. Qc4 Bxd4 29. cxd4 Bf5 30. Qxc6 Bxe4 (30... Rxd4 $2 {is the wrong capture.} 31. g3 Rxe4 32. Qe8+ (32. gxf4 Rxe1+ 33. Kg2 Be4+) 32... Kg7 33. gxf4 $18) 31. Rxe4 {[%emt 0:04:54][%mdl 32768] Weighted Error Value: White=0.09 (flawless) /Black=0.07 (flawless) .  Mistake:       	White=2     	Black=1      OK:         	White=6     	Black=8      Best:        	White=2     	---        Strong:       	---       	Black=1     . Loss on time!?} 1-0

[Event "French-ch U12-U14 2024"]
[Site "Agen"]
[Date "2024.04.15"]
[Round "2.18"]
[White "Potier, Eloan"]
[Black "Borne, Felix"]
[Result "0-1"]
[ECO "B62"]
[WhiteElo "1840"]
[BlackElo "2163"]
[Annotator "TA"]
[PlyCount "52"]
[EventDate "2024.04.14"]
[EventType "swiss"]
[EventCountry "FRA"]
[SourceTitle "playchess.com"]
[Source "ChessBase"]
[SourceQuality "1"]
[TimeControl "5400+30"]

1. e4 c5 2. Nf3 Nc6 3. d4 cxd4 4. Nxd4 Nf6 5. Nc3 d6 6. Bg5 e6 7. Qd3 Be7 8. O-O-O O-O 9. Nxc6 bxc6 10. f4 d5 11. e5 (11. Qg3 $11) 11... Nd7 $15 12. Bxe7 Qxe7 13. Qg3 a5 14. Bd3 Ba6 15. f5 {[%emt 0:08:26] [#]} (15. Rhe1 $17 {is a better defense.}) 15... exf5 $1 $19 16. Bxf5 {[%emt 0:00:23] Hoping for Qh3.} Nxe5 17. Rde1 (17. Rhe1 $17 Rae8 18. Bd7 Nd3+ (18... Qxd7 19. Rxe5 Rxe5 20. Qxe5 $17) 19. cxd3 Qxd7 20. d4) 17... f6 18. h4 Qd6 19. Kb1 Rab8 {[%emt 0:00:18][%cal Ob8b2] ...Rxb2+! would now be deadly.} 20. Nd1 Kh8 21. h5 Nc4 $2 ({Better is} 21... c5 $19 {Strongly threatening ...d4.} 22. Re3 d4) 22. Qg4 $2 {[%emt 0:03:19][%mdl 8192] [#]} (22. Qxd6 $15 Nxd6 23. Bd7) 22... Rxb2+ $3 23. Kc1 (23. Nxb2 Qb4) 23... Rxa2 {[%emt 0:03:24][%cal Ra2a1] Black mates.} 24. Kb1 {[%emt 0:02:27] [#]} Ra1+ $3 25. Kxa1 Qa3+ 26. Kb1 Nd2# {[%emt 0:00:10] Black took control after the opening.   Weighted Error Value: White=0.83/Black=0.19 (very precise) .  Loses game:     	White=1     	---        Missed win:     	---       	Black=1      Mistake:       	White=3     	---        Inaccurate:     	White=2     	---        OK:         	White=1     	Black=5      Best:        	---       	Black=2      Strong:       	---       	Black=1} 0-1

[Event "French-ch U12-U14 2024"]
[Site "Agen"]
[Date "2024.04.15"]
[Round "2.19"]
[White "Auribault, Louis"]
[Black "Kouam, Noe"]
[Result "1-0"]
[ECO "C10"]
[WhiteElo "2137"]
[BlackElo "1824"]
[Annotator "NA RC"]
[PlyCount "107"]
[EventDate "2024.04.14"]
[EventType "swiss"]
[EventCountry "FRA"]
[SourceTitle "playchess.com"]
[Source "ChessBase"]
[SourceQuality "1"]
[TimeControl "5400+30"]

1. e4 e6 2. d4 d5 3. Nd2 dxe4 4. Nxe4 Nd7 5. Nf3 Ngf6 6. Nxf6+ gxf6 {[%emt 0:02:41] C10: French with 3 Nc3: Unusual Black 3rd moves and 3...dxe4.} 7. Bd3 Bd6 (7... c5 $14) 8. O-O c6 9. Re1 Qc7 10. c4 Be7 11. Re4 Nf8 12. Bf4 Bd6 13. Bh6 Ng6 14. c5 Be7 15. b4 Rg8 16. Qd2 e5 17. dxe5 fxe5 18. Rae1 Bf5 19. Rxe5 Nxe5 20. Nxe5 Rd8 21. Qf4 Be6 22. Bxh7 Rg4 23. Nxg4 Qxf4 $18 24. Bxf4 Bxg4 25. Bd6 Be6 26. Bxe7 Kxe7 27. f4 Kf6 28. a3 Rd2 29. Be4 a6 30. Re3 Rd4 31. Kf2 a5 32. bxa5 Ra4 33. Kf3 Rxa5 34. Rc3 Ra4 35. h3 Rd4 36. g4 Bc8 37. g5+ Kg7 38. f5 f6 39. h4 Rd1 40. Kf4 Rd4 41. Rd3 Rxd3 42. Bxd3 Bd7 43. g6 Be8 44. Be2 Kh6 45. Bg4 Kg7 46. Ke4 Bd7 47. Kd4 Kf8 48. Kc4 Ke7 49. h5 Be8 50. h6 Kf8 51. Kb4 Bd7 52. g7+ Kg8 53. Bd1 Be8 54. Bb3+ 1-0

[Event "French-ch U12-U14 2024"]
[Site "Agen"]
[Date "2024.04.15"]
[Round "3.1"]
[White "Garivier, Jeanne"]
[Black "Alcantara, Levanah"]
[Result "0-1"]
[ECO "D02"]
[WhiteElo "1567"]
[BlackElo "1756"]
[Annotator "NA RC"]
[PlyCount "76"]
[EventDate "2024.04.14"]
[EventType "swiss"]
[EventCountry "FRA"]
[SourceTitle "playchess.com"]
[Source "ChessBase"]
[SourceQuality "1"]
[TimeControl "5400+30"]

1. d4 Nf6 2. Bf4 d5 3. Nf3 e6 4. e3 c5 5. c3 Nc6 6. Bd3 Bd6 7. Bg3 O-O 8. Nbd2 a6 9. Bh4 b5 10. e4 cxd4 11. cxd4 dxe4 12. Bxe4 Bb7 13. O-O Be7 14. Bxc6 Bxc6 15. Rc1 Bb7 16. Qe2 Nd5 17. Bg3 Qb6 18. Rfd1 Rac8 19. Nf1 Bf6 20. Be5 Bxe5 21. dxe5 Nf4 22. Qe3 Qxe3 23. Nxe3 Rxc1 24. Rxc1 Ne2+ 25. Kf1 Nxc1 26. a3 Rd8 27. h4 a5 28. Nh2 b4 29. axb4 axb4 30. f4 b3 31. Nc4 Ba6 32. g4 Bxc4+ 33. Ke1 Nd3+ 34. Kd2 Nxb2+ 35. Kc3 Na4+ 36. Kxc4 b2 37. Kb3 b1=Q+ 38. Kxa4 Ra8# 0-1

[Event "French-ch U12-U14 2024"]
[Site "Agen"]
[Date "2024.04.15"]
[Round "3.3"]
[White "Manouvel, Maelys"]
[Black "Anseeuw, Emma"]
[Result "1-0"]
[ECO "B94"]
[WhiteElo "1541"]
[BlackElo "1667"]
[Annotator "NA RC"]
[PlyCount "51"]
[EventDate "2024.04.14"]
[EventType "swiss"]
[EventCountry "FRA"]
[SourceTitle "playchess.com"]
[Source "ChessBase"]
[SourceQuality "1"]
[TimeControl "5400+30"]

1. e4 c5 2. Nf3 d6 3. d4 cxd4 4. Nxd4 Nf6 5. Nc3 a6 6. Bg5 Nbd7 7. f4 b5 8. Be2 Bb7 9. Bf3 Rb8 10. O-O e6 11. Re1 h6 12. Bxf6 Qxf6 13. Qd2 Qd8 14. e5 d5 15. f5 exf5 16. e6 Nf6 17. Nxf5 Bc5+ 18. Kh1 Rg8 19. exf7+ Kxf7 20. a3 b4 21. Na4 Bf8 22. axb4 Bc8 23. Bxd5+ Kg6 24. Bf7+ Kxf7 25. Qxd8 Bxb4 26. Qc7+ 1-0

[Event "French-ch U12-U14 2024"]
[Site "Agen"]
[Date "2024.04.15"]
[Round "3.5"]
[White "Fei, Emie"]
[Black "Duchatel, Cyrielle"]
[Result "1-0"]
[ECO "B22"]
[WhiteElo "1522"]
[BlackElo "1646"]
[Annotator "NA RC"]
[PlyCount "111"]
[EventDate "2024.04.14"]
[EventType "swiss"]
[EventCountry "FRA"]
[SourceTitle "playchess.com"]
[Source "ChessBase"]
[SourceQuality "1"]
[TimeControl "5400+30"]

1. e4 c5 2. c3 d5 3. exd5 Qxd5 4. d4 Nf6 5. Nf3 e6 6. Be2 Be7 7. O-O O-O 8. Bf4 Nc6 9. Qd3 cxd4 10. cxd4 Nh5 11. Nc3 Nxf4 12. Nxd5 Nxd3 13. Nxe7+ Nxe7 14. Bxd3 Rd8 15. Rfd1 Bd7 16. Bc4 Bc6 17. Ne5 Bd5 18. b3 Nf5 19. g4 Ne7 20. Bxd5 Rxd5 21. Rac1 f6 22. Nf3 Nc6 23. Kf1 Rad8 24. Ke2 Kf8 25. Rc5 Rxc5 26. dxc5 Rxd1 27. Kxd1 e5 28. Kd2 Ke7 29. Ke3 Ke6 30. Ke4 g6 31. a3 f5+ 32. gxf5+ gxf5+ 33. Ke3 Na5 34. Nd2 Kd5 35. b4 Nc4+ 36. Nxc4 Kxc4 37. Kd2 Kb3 38. b5 Kc4 39. c6 Kxb5 40. c7 Ka4 41. c8=Q b5 42. Qa6+ Kb3 43. Qxb5+ Kxa3 44. Qa5+ Kb3 45. Qxa7 Kc4 46. Qxh7 f4 47. Qe4+ Kb3 48. Qxe5 Kb4 49. Qc7 Kb5 50. h4 Kb4 51. h5 Kb5 52. h6 Kb4 53. h7 Kb3 54. h8=R Kb4 55. Rb8+ Ka4 56. Qa7# 1-0

[Event "French-ch U12-U14 2024"]
[Site "Agen"]
[Date "2024.04.15"]
[Round "3.7"]
[White "Gonzalez De Linares, Milan"]
[Black "Bat, Sodcetsen"]
[Result "1/2-1/2"]
[ECO "E18"]
[WhiteElo "1826"]
[BlackElo "2012"]
[Annotator "NA RC"]
[PlyCount "80"]
[EventDate "2024.04.14"]
[EventType "swiss"]
[EventCountry "FRA"]
[SourceTitle "playchess.com"]
[Source "ChessBase"]
[SourceQuality "1"]
[TimeControl "5400+30"]

1. d4 Nf6 2. c4 e6 3. Nf3 b6 4. g3 Bb7 5. Bg2 Be7 6. O-O O-O 7. Nc3 Ne4 8. Qd3 Nxc3 9. bxc3 d5 10. Bf4 Nd7 11. cxd5 exd5 12. Nd2 c5 13. e4 c4 14. Qc2 dxe4 15. Nxe4 Bd5 16. Rfe1 Nf6 17. Rab1 Nxe4 18. Rxe4 Bxe4 19. Bxe4 Rc8 20. Bxh7+ Kh8 21. Qf5 g5 22. Be3 Qd6 23. Qh3 Kg7 24. Bf5 Rh8 25. Qg4 Qh6 26. h4 Rcd8 27. Rb5 f6 28. f4 Qh5 29. fxg5 Qxg4 30. gxf6+ Bxf6 31. Bxg4 Rhe8 32. Kf2 Re7 33. Rb4 Rde8 34. Bd2 Rf8 35. Bf3 Ref7 36. Rxc4 Be7 37. Bf4 Bxh4 38. Be5+ Bf6 39. Bf4 Bh4 40. Be5+ Bf6 1/2-1/2

[Event "French-ch U12-U14 2024"]
[Site "Agen"]
[Date "2024.04.15"]
[Round "3.10"]
[White "Bocquenet-Drouode, Hugo"]
[Black "Nott Peralta, Gabriel"]
[Result "1-0"]
[ECO "D00"]
[WhiteElo "1974"]
[BlackElo "1806"]
[Annotator "NA RC"]
[PlyCount "73"]
[EventDate "2024.04.14"]
[EventType "swiss"]
[EventCountry "FRA"]
[SourceTitle "playchess.com"]
[Source "ChessBase"]
[SourceQuality "1"]
[TimeControl "5400+30"]

1. d4 Nf6 2. Nc3 d5 3. Bf4 a6 4. e3 e6 5. g4 c5 6. g5 Nfd7 7. h4 Qb6 8. a3 Nc6 9. Nf3 cxd4 10. exd4 Ne7 11. h5 Nb8 12. b4 Bd7 13. Ne5 Nf5 14. Bd3 Qc7 15. Ne2 Bd6 16. g6 fxg6 17. hxg6 Nxd4 18. Nf7 Nf3+ 19. Kf1 Bxf4 20. Nxh8 h6 21. Rh3 Ng5 22. Rxh6 Nc6 23. Rh4 Be5 24. Rc1 Bf6 25. Rh5 Ke7 26. c4 d4 27. Ng3 Ne5 28. Qe2 Nxd3 29. Qxd3 Qf4 30. Re1 e5 31. Ne2 Qg4 32. Rh1 Bc6 33. Rh2 Rxh8 34. Nxd4 Rxh2 35. Nf5+ Ke8 36. Nd6+ Kf8 37. Qd1 1-0

[Event "French-ch U12-U14 2024"]
[Site "Agen"]
[Date "2024.04.15"]
[Round "3.11"]
[White "Bernard, Ines"]
[Black "Nicot, Anna"]
[Result "1/2-1/2"]
[ECO "A80"]
[WhiteElo "1981"]
[BlackElo "1649"]
[Annotator "NA RC"]
[PlyCount "59"]
[EventDate "2024.04.14"]
[EventType "swiss"]
[EventCountry "FRA"]
[SourceTitle "playchess.com"]
[Source "ChessBase"]
[SourceQuality "1"]
[TimeControl "5400+30"]

1. d4 e6 2. Bf4 f5 3. e3 Nf6 4. Bd3 b6 5. c4 Bb7 6. Nf3 Bd6 7. Ne5 O-O 8. O-O Be7 9. Nc3 d6 10. Nf3 Ne4 11. Nd2 Nxc3 12. bxc3 Nd7 13. h3 Nf6 14. Qc2 Qe8 15. f3 Nh5 16. Bh2 Qg6 17. e4 Bg5 18. Rfe1 Bh4 19. Re2 Bg3 20. Bxg3 Qxg3 21. Nf1 Qg5 22. Qd2 Qxd2 23. Rxd2 Nf4 24. Bc2 Ba6 25. Ne3 g6 26. Kh2 Nh5 27. Rad1 f4 28. Ng4 Bxc4 29. a3 Ng3 30. Bd3 1/2-1/2

[Event "French-ch U12-U14 2024"]
[Site "Agen"]
[Date "2024.04.15"]
[Round "3.12"]
[White "Castagnerol, Cerise"]
[Black "Giafferi Bonnet, Luna"]
[Result "1/2-1/2"]
[ECO "E11"]
[WhiteElo "1755"]
[BlackElo "1640"]
[Annotator "NA RC"]
[PlyCount "118"]
[EventDate "2024.04.14"]
[EventType "swiss"]
[EventCountry "FRA"]
[SourceTitle "playchess.com"]
[Source "ChessBase"]
[SourceQuality "1"]
[TimeControl "5400+30"]

1. d4 Nf6 2. c4 e6 3. Nf3 Bb4+ 4. Bd2 a5 5. Nc3 O-O 6. e3 d5 7. Bd3 b6 8. O-O Ba6 9. Qe2 c5 10. Rac1 Nbd7 11. a3 cxd4 12. exd4 Bd6 13. cxd5 Bxd3 14. Qxd3 exd5 15. Nb5 Ne4 16. Qb3 Nxd2 17. Nxd2 Bf4 18. Rfd1 Nf6 19. Rc6 Re8 20. Nf3 Rc8 21. Rxc8 Qxc8 22. g3 Bb8 23. Nc3 Qf5 24. Kg2 Bc7 25. Rc1 Bf4 26. Re1 Rxe1 27. Nxe1 Bc7 28. Nf3 g5 29. Ne2 g4 30. Nd2 Ne4 31. Qe3 Nxd2 32. Qxd2 Qf3+ 33. Kg1 h5 34. Qe3 Qf5 35. Nc3 Kg7 36. Kg2 h4 37. gxh4 Bf4 38. Qe2 Qh5 39. Qe7 Qf5 40. Qe2 Qh5 41. Kf1 Qxh4 42. Nxd5 Bxh2 43. Nxb6 Bc7 44. Qb5 Qh1+ 45. Ke2 Qe4+ 46. Kf1 Qxd4 47. Nc4 Qd1+ 48. Kg2 Qf3+ 49. Kg1 g3 50. Qg5+ Kh7 51. Qh4+ Kg6 52. fxg3 Bxg3 53. Qh3 Qf2+ 54. Kh1 Qf3+ 55. Qg2 Qd1+ 56. Qg1 Qf3+ 57. Qg2 Qd1+ 58. Qg1 Qf3+ 59. Qg2 Qd1+ 1/2-1/2

[Event "French-ch U12-U14 2024"]
[Site "Agen"]
[Date "2024.04.15"]
[Round "3.13"]
[White "Pauly, Juliette"]
[Black "Maret, Anna"]
[Result "1-0"]
[ECO "A76"]
[WhiteElo "1617"]
[BlackElo "1749"]
[Annotator "NA RC"]
[PlyCount "73"]
[EventDate "2024.04.14"]
[EventType "swiss"]
[EventCountry "FRA"]
[SourceTitle "playchess.com"]
[Source "ChessBase"]
[SourceQuality "1"]
[TimeControl "5400+30"]

1. d4 Nf6 2. c4 c5 3. d5 e6 4. Nc3 exd5 5. cxd5 d6 6. e4 g6 7. Nf3 Bg7 8. Be2 O-O 9. O-O Re8 10. Qc2 a6 11. a4 Nbd7 12. Bf4 Nf8 13. Nd2 Ng4 14. Bxg4 Bxg4 15. Nc4 Be5 16. Nxe5 dxe5 17. Bh6 g5 18. Qd2 f6 19. Qe3 Qc8 20. Qg3 Kf7 21. f3 Bd7 22. h4 Ng6 23. hxg5 Rg8 24. f4 fxg5 25. fxe5+ Ke8 26. Qxg5 Ne7 27. Qf6 Bg4 28. Bg5 Qd7 29. Qf7+ Kd8 30. Bxe7+ Kc7 31. Bd6+ Kb6 32. a5+ Ka7 33. Bxc5+ b6 34. axb6+ Kb7 35. Qxd7+ Bxd7 36. Rf7 Kc8 37. e6 1-0

[Event "French-ch U12-U14 2024"]
[Site "Agen"]
[Date "2024.04.15"]
[Round "3.14"]
[White "Pereira Garza, Cecilia"]
[Black "Kirschner, Sarah"]
[Result "1/2-1/2"]
[ECO "D27"]
[WhiteElo "1725"]
[BlackElo "1612"]
[Annotator "NA RC"]
[PlyCount "67"]
[EventDate "2024.04.14"]
[EventType "swiss"]
[EventCountry "FRA"]
[SourceTitle "playchess.com"]
[Source "ChessBase"]
[SourceQuality "1"]
[TimeControl "5400+30"]

1. d4 d5 2. c4 dxc4 3. Nf3 Nf6 4. e3 e6 5. Bxc4 c5 6. O-O a6 7. a4 Nbd7 8. Nc3 Be7 9. d5 Nb6 10. Ba2 Nbxd5 11. Nxd5 exd5 12. Ne5 O-O 13. f4 Bd6 14. Bxd5 Bxe5 15. Bxf7+ Kxf7 16. Qxd8 Rxd8 17. fxe5 Be6 18. exf6 gxf6 19. h3 Rg8 20. Kh2 Bd5 21. Rf2 b5 22. Bd2 Ke6 23. Rc1 c4 24. a5 Rad8 25. Bc3 f5 26. g3 Rg6 27. Rd1 Rdg8 28. Rfd2 Bc6 29. Rd6+ Kf7 30. Rxg6 Rxg6 31. Rd8 Re6 32. Bd4 Re8 33. Rd6 Re6 34. Rxe6 1/2-1/2

[Event "French-ch U12-U14 2024"]
[Site "Agen"]
[Date "2024.04.15"]
[Round "3.15"]
[White "Strievi, Leonie"]
[Black "Dubin, Lisa"]
[Result "1-0"]
[ECO "C41"]
[WhiteElo "1602"]
[BlackElo "1711"]
[Annotator "NA RC"]
[PlyCount "45"]
[EventDate "2024.04.14"]
[EventType "swiss"]
[EventCountry "FRA"]
[SourceTitle "playchess.com"]
[Source "ChessBase"]
[SourceQuality "1"]
[TimeControl "5400+30"]

1. e4 d6 2. d4 Nf6 3. Nc3 Nbd7 4. Nf3 e5 5. Bc4 Be7 6. O-O c6 7. dxe5 dxe5 8. a4 O-O 9. Re1 Qc7 10. Bg5 a5 11. Ne2 h6 12. Bh4 g5 13. Bg3 Nxe4 14. Qd3 Nec5 15. Qg6+ Kh8 16. Qxh6+ Kg8 17. Qg6+ Kh8 18. Bxf7 Qd6 19. Qh5+ Kg7 20. Nxe5 Qf6 21. Nd4 Rxf7 22. Nxf7 Qxf7 23. Rxe7 1-0

[Event "French-ch U12-U14 2024"]
[Site "Agen"]
[Date "2024.04.15"]
[Round "3.16"]
[White "Borne, Felix"]
[Black "To, Chu"]
[Result "0-1"]
[ECO "E20"]
[WhiteElo "2163"]
[BlackElo "1885"]
[Annotator "RC"]
[PlyCount "102"]
[EventDate "2024.04.14"]
[EventType "swiss"]
[EventCountry "FRA"]
[SourceTitle "playchess.com"]
[Source "ChessBase"]
[SourceQuality "1"]
[TimeControl "5400+30"]

1. d4 Nf6 2. c4 e6 3. Nc3 Bb4 4. f3 d5 5. a3 Bxc3+ 6. bxc3 h6 7. cxd5 exd5 8. e3 O-O 9. Bd3 c5 10. Ne2 Nc6 11. O-O Re8 12. Re1 Ne7 13. Ng3 Bd7 14. e4 dxe4 15. fxe4 cxd4 16. cxd4 Bg4 17. Qa4 Ned5 18. Bb2 Nf4 19. Bc4 Qb6 20. Rab1 Rac8 21. Ba1 Bd7 22. Qb3 Qxb3 23. Bxb3 Bc6 24. d5 Bb5 25. Bxf6 gxf6 26. Nf5 Bd3 27. Rbd1 Rc3 28. Ba4 b5 29. Rxd3 Nxd3 30. Bxb5 Rxe4 31. Rd1 Nb2 32. Rd2 Rc1+ 33. Kf2 Rf4+ 34. Ke3 Rxf5 35. Rxb2 Rxd5 36. a4 Re1+ 37. Kf2 Re7 38. g3 Rd6 39. Bf1 Rb6 40. Rc2 Re5 41. Rc8+ Kg7 42. Bc4 Re7 43. Kf3 Rbb7 44. Bb5 Rbc7 45. Ra8 Rc3+ 46. Kf4 Rc2 47. h4 h5 48. Kf3 Rc3+ 49. Kf2 f5 50. Bf1 Ra3 51. Bb5 Rc7 0-1

[Event "French-ch U12-U14 2024"]
[Site "Agen"]
[Date "2024.04.15"]
[Round "3.17"]
[White "Roche, Virgile"]
[Black "Auribault, Louis"]
[Result "0-1"]
[ECO "C26"]
[WhiteElo "1878"]
[BlackElo "2137"]
[Annotator "NA RC"]
[PlyCount "72"]
[EventDate "2024.04.14"]
[EventType "swiss"]
[EventCountry "FRA"]
[SourceTitle "playchess.com"]
[Source "ChessBase"]
[SourceQuality "1"]
[TimeControl "5400+30"]

1. e4 e5 2. Nc3 Nf6 3. d4 exd4 4. Qxd4 Nc6 5. Qd3 Bc5 6. Bf4 O-O 7. O-O-O Ng4 8. Nh3 d6 9. f3 Nge5 10. Bxe5 Nxe5 11. Qe2 Qh4 12. Kb1 a6 13. g3 Qh5 14. g4 Nxg4 15. fxg4 Bxg4 16. Qd3 Bxd1 17. Qxd1 Qh4 18. Qd2 d5 19. exd5 Rae8 20. Bg2 Be3 21. Qd3 Qg4 22. Qf1 Qb4 23. a3 Qb6 24. Nf4 Bd4 25. Qc4 Re3 26. Nd3 Rfe8 27. Na4 Qg6 28. Qxd4 Qxg2 29. Rc1 R3e4 30. Qc5 Rxa4 31. c4 Qe4 32. Rc3 b5 33. b3 bxc4 34. bxa4 cxd3 35. Qc4 d2+ 36. Qxe4 d1=Q+ 0-1

[Event "French-ch U12-U14 2024"]
[Site "Agen"]
[Date "2024.04.15"]
[Round "3.19"]
[White "Nouvel, Jehan"]
[Black "Charlier, Antoine"]
[Result "0-1"]
[ECO "C58"]
[WhiteElo "1868"]
[BlackElo "2053"]
[Annotator "NA RC"]
[PlyCount "78"]
[EventDate "2024.04.14"]
[EventType "swiss"]
[EventCountry "FRA"]
[SourceTitle "playchess.com"]
[Source "ChessBase"]
[SourceQuality "1"]
[TimeControl "5400+30"]

1. e4 e5 2. Nf3 Nc6 3. Bc4 Nf6 4. Ng5 d5 5. exd5 Na5 6. Bb5+ c6 7. dxc6 bxc6 8. Bd3 Nd5 9. Nf3 Bd6 10. O-O Nf4 11. Re1 Nxd3 12. cxd3 O-O 13. b3 Re8 14. Bb2 Bg4 15. Nc3 f5 16. Qe2 Nb7 17. d4 e4 18. Qc4+ Kh8 19. Ne5 Bxe5 20. dxe5 Qxd2 21. Na4 Nd8 22. h3 Bh5 23. g4 fxg4 24. Qxe4 Rf8 25. Re2 Qg5 26. Bc1 Qh4 27. hxg4 Bg6 28. Qg2 Ne6 29. Be3 Rf4 30. f3 Raf8 31. Rf2 Be4 32. Bxf4 Nxf4 33. fxe4 Nh3+ 34. Qxh3 Qxf2+ 35. Kh1 Rf3 36. Qh2 Qe3 37. Rd1 h6 38. Qg1 Rh3+ 39. Kg2 Qf3# 0-1

[Event "French-ch U12-U14 2024"]
[Site "Agen"]
[Date "2024.04.15"]
[Round "3.20"]
[White "Bonelli Maestracci, Pierre Joseph"]
[Black "Wang, Eliot"]
[Result "1-0"]
[ECO "B22"]
[WhiteElo "2044"]
[BlackElo "1872"]
[Annotator "NA RC"]
[PlyCount "59"]
[EventDate "2024.04.14"]
[EventType "swiss"]
[EventCountry "FRA"]
[SourceTitle "playchess.com"]
[Source "ChessBase"]
[SourceQuality "1"]
[TimeControl "5400+30"]

1. e4 c5 2. c3 d5 3. exd5 Qxd5 4. d4 Nf6 5. Nf3 Nc6 6. Be2 e6 7. Na3 a6 8. Nc4 Qd8 9. Be3 b5 10. Nce5 Bb7 11. Nxc6 Bxc6 12. dxc5 Qc7 13. b4 Be7 14. Qc1 Nd5 15. O-O O-O 16. Nd4 a5 17. a4 axb4 18. Nxc6 Qxc6 19. axb5 Rxa1 20. Qxa1 Qc7 21. cxb4 Nxe3 22. fxe3 Bf6 23. Rxf6 gxf6 24. Qxf6 Qa7 25. b6 Qa2 26. Kf2 Qb1 27. Qf4 f6 28. b7 e5 29. Qg4+ Kh8 30. Qc8 1-0

[Event "French-ch U12-U14 2024"]
[Site "Agen"]
[Date "2024.04.16"]
[Round "4.1"]
[White "Alcantara, Levanah"]
[Black "Pierrot, Anais"]
[Result "1-0"]
[ECO "D88"]
[WhiteElo "1756"]
[BlackElo "1593"]
[Annotator "NA RC"]
[PlyCount "91"]
[EventDate "2024.04.14"]
[EventType "swiss"]
[EventCountry "FRA"]
[SourceTitle "playchess.com"]
[Source "ChessBase"]
[SourceQuality "1"]
[TimeControl "5400+30"]

1. d4 Nf6 2. c4 g6 3. Nc3 d5 4. cxd5 Nxd5 5. e4 Nxc3 6. bxc3 Bg7 7. Bc4 c5 8. Ne2 O-O 9. O-O Nc6 10. Be3 b6 11. f3 cxd4 12. cxd4 Bb7 13. Rc1 Rc8 14. Qd2 Re8 15. Rfd1 Na5 16. Bb5 Bc6 17. Bd3 Qd7 18. Rc3 Bb7 19. Rdc1 Rxc3 20. Rxc3 Rc8 21. Qc1 Rxc3 22. Qxc3 Qc6 23. Qb4 Qd7 24. d5 Qc7 25. Bf4 Be5 26. Bxe5 Qxe5 27. Qd4 Qd6 28. Qc3 e6 29. dxe6 Qxe6 30. a3 Qc6 31. Qe5 Qc8 32. h3 Ba6 33. Bxa6 Qxa6 34. Nc3 Nc4 35. Qe8+ Kg7 36. a4 Qa5 37. Nd5 Qc5+ 38. Kh1 Qf2 39. Qc6 Qd4 40. h4 h5 41. Qc7 Qa1+ 42. Kh2 Qxa4 43. Qe7 Qa1 44. f4 Qd4 45. Nc7 Qf6 46. Ne8+ 1-0

[Event "French-ch U12-U14 2024"]
[Site "Agen"]
[Date "2024.04.16"]
[Round "4.4"]
[White "Gillet, Astrik"]
[Black "Benhadid, Jeilynn"]
[Result "0-1"]
[ECO "A06"]
[WhiteElo "1527"]
[BlackElo "1844"]
[Annotator "NA RC"]
[PlyCount "108"]
[EventDate "2024.04.14"]
[EventType "swiss"]
[EventCountry "FRA"]
[SourceTitle "playchess.com"]
[Source "ChessBase"]
[SourceQuality "1"]
[TimeControl "5400+30"]

1. Nf3 Nf6 2. b3 e6 3. Bb2 d5 4. e3 c5 5. Bb5+ Bd7 6. Bxd7+ Nbxd7 7. Ne5 Be7 8. O-O Nxe5 9. Bxe5 O-O 10. d3 Rc8 11. Nd2 Qd7 12. f4 b5 13. c4 dxc4 14. dxc4 Rfd8 15. Nf3 bxc4 16. Qxd7 Rxd7 17. bxc4 Ng4 18. Rfe1 Nxe5 19. Nxe5 Rd2 20. Red1 Rcd8 21. Rxd2 Rxd2 22. Nc6 Bf6 23. Rb1 g5 24. Nxa7 Rxa2 25. Nb5 Rc2 26. Nd6 gxf4 27. exf4 Be7 28. Nb5 Rxc4 29. g3 Rb4 30. Rxb4 cxb4 31. Nd4 Bc5 32. Kf1 Bxd4 33. Ke2 b3 34. Kd2 b2 35. Kc2 Kg7 36. h3 Kf6 37. g4 e5 38. fxe5+ Kxe5 39. h4 Kf4 40. g5 Kg4 41. h5 Kxh5 42. Kb1 Kxg5 43. Kc2 h5 44. Kb1 h4 45. Kc2 h3 46. Kb1 h2 47. Kc2 h1=Q 48. Kd3 Qe1 49. Kxd4 b1=Q 50. Kd5 Qd3+ 51. Kc5 Qc1+ 52. Kb4 Qdb1+ 53. Ka4 Qc4+ 54. Ka5 Qcb5# 0-1

[Event "French-ch U12-U14 2024"]
[Site "Agen"]
[Date "2024.04.16"]
[Round "4.5"]
[White "Suroy, Emma"]
[Black "Le Floch, Alexia"]
[Result "0-1"]
[ECO "B50"]
[WhiteElo "1512"]
[BlackElo "1641"]
[Annotator "NA RC"]
[PlyCount "66"]
[EventDate "2024.04.14"]
[EventType "swiss"]
[EventCountry "FRA"]
[SourceTitle "playchess.com"]
[Source "ChessBase"]
[SourceQuality "1"]
[TimeControl "5400+30"]

1. e4 c5 2. Nf3 d6 3. Bc4 Nf6 4. d3 e6 5. O-O Be7 6. Nc3 O-O 7. e5 dxe5 8. Nxe5 Qc7 9. Re1 a6 10. a4 b6 11. Bf4 Bd6 12. Bb3 Nc6 13. Qe2 Bb7 14. Nxc6 Qxc6 15. Ne4 Nxe4 16. Qxe4 Bxf4 17. Qxc6 Bxc6 18. c4 b5 19. cxb5 axb5 20. axb5 Bxb5 21. Rad1 Rfd8 22. Bc2 Ra2 23. Ra1 Rxb2 24. Bb1 g6 25. Rd1 c4 26. d4 c3 27. g3 Bd2 28. Be4 Rxd4 29. Bb1 Be2 30. Rxd2 cxd2 31. Ba2 Rxa2 32. Rxa2 d1=Q+ 33. Kg2 Qf1# 0-1

[Event "French-ch U12-U14 2024"]
[Site "Agen"]
[Date "2024.04.16"]
[Round "4.8"]
[White "Nott Peralta, Gabriel"]
[Black "Aeschbacher, Dimitri"]
[Result "0-1"]
[ECO "D05"]
[WhiteElo "1806"]
[BlackElo "1959"]
[Annotator "NA RC"]
[PlyCount "92"]
[EventDate "2024.04.14"]
[EventType "swiss"]
[EventCountry "FRA"]
[SourceTitle "playchess.com"]
[Source "ChessBase"]
[SourceQuality "1"]
[TimeControl "5400+30"]

1. d4 Nf6 2. Nf3 e6 3. e3 c5 4. Bd3 d5 5. b3 Nc6 6. Bb2 Bd6 7. a3 O-O 8. Nbd2 b6 9. O-O Bb7 10. Qe2 Bc7 11. Ne5 Ne7 12. f4 Ne4 13. Rad1 f6 14. Ng4 f5 15. Ne5 Bxe5 16. fxe5 Nxd2 17. Qxd2 Qc7 18. Qe2 Rac8 19. c4 dxc4 20. Bxc4 Bd5 21. Bxd5 Nxd5 22. Rc1 Qe7 23. Rfd1 cxd4 24. exd4 f4 25. Rxc8 Rxc8 26. Rc1 Rf8 27. Qf3 Qh4 28. Qf2 Qg5 29. Qf3 Qf5 30. a4 g5 31. h3 Qg6 32. Ba3 Rd8 33. g3 fxg3 34. Qxg3 Nf4 35. Qe3 Qh5 36. Kh2 Rxd4 37. Rc8+ Kg7 38. Rc7+ Kg6 39. Bf8 Kf5 40. Rc4 Rxc4 41. bxc4 g4 42. Bb4 Qxh3+ 43. Qxh3 Nxh3 44. c5 bxc5 45. Bxc5 a6 46. Kg3 Ng5 0-1